 Dungeon Crawl Stone Soup version 0.29-a0-982-gaed3a0c8d8 (webtiles) character file.

Game seed: 9440392311128212885

212 vurker the Shooter (level 6, 0/48 HPs)
             Began as a Formicid Hunter on Aug 1, 2022.
             Slain by Grinder (1 damage)
             ... on level 3 of the Dungeon.
             The game lasted 00:03:59 (2154 turns).

vurker the Shooter (Formicid Hunter)                Turns: 2154, Time: 00:04:00

Health: 0/48       AC:  5    Str: 18    XL:     6   Next: 14%
Magic:  6/6        EV: 11    Int:  8    God:
Gold:   77         SH:  0    Dex: 17    Spells: 5/5 levels left

rFire   . . .      SeeInvis +   a - +0 shortbow
rCold   . . .      Faith    .   (no shield)
rNeg    . . .      Spirit   .   e - +0 ring mail
rPois   .          Reflect  .   (helmet unavailable)
rElec   .          Harm     .   (no cloak)
rCorr   .          Rampage  .   (no gloves)
Will    .....                   (no boots)
Stlth   +.........              h - amulet of the acrobat
HPRegen 0.16/turn               (no ring)
MPRegen 0.10/turn               (no ring)

@: no status effects
A: permanent stasis, dig shafts and tunnels, antennae 3, four strong arms
a: Dig, Shaft Self


You were on level 3 of the Dungeon.
You visited 1 branch of the dungeon, and saw 3 of its levels.

You collected 77 gold pieces.

Inventory:

Hand Weapons
 a - a +0 shortbow (weapon)
Armour
 e - a +0 ring mail (worn)
   (You found it on level 1 of the Dungeon)
Jewellery
 h - an amulet of the acrobat (around neck)
   (You found it on level 2 of the Dungeon)
Scrolls
 b - a scroll of immolation
 c - a scroll of teleportation {unknown}
 i - 2 scrolls of enchant armour {unknown}
 j - 2 scrolls of identify {unknown}
 k - a scroll of fear {unknown}
Potions
 d - 2 potions of resistance {unknown}
 f - a potion of curing {unknown}
 g - a potion of invisibility
 l - 2 potions of brilliance {unknown}


   Skills:
 + Level 4.1 Fighting
 * Level 6.1 Ranged Weapons
 - Level 1.7 Dodging
 - Level 1.2 Stealth


You had 5 spell levels left.
You didn't know any spells.
Your spell library was empty.

Dungeon Overview and Level Annotations

Branches:
Dungeon (3/15)

Altars:

Annotations:
D:3 Grinder


Innate Abilities, Weirdness & Mutations

You cannot be hasted, slowed, berserked, paralysed or teleported.
You can dig through walls and to a lower floor.
You have a pair of large antennae on your head. (SInv)
Your four strong arms can wield two-handed weapons with a shield.


Message History

You shoot an arrow. The arrow barely misses Grinder.
Grinder hits you but does no damage.
You shoot an arrow. The arrow closely misses Grinder.
Grinder hits you.
You writhe in agony.
You shoot an arrow.
The arrow hits Grinder but does no damage.
Grinder closely misses you.
You shoot an arrow. The arrow hits Grinder.
Grinder hits you.
You writhe in agony.
You shoot an arrow. The arrow hits Grinder.
Grinder says, "DUCK!"
Grinder gestures at you.
Your stasis prevents you from being paralysed.
Grinder blinks!
You shoot an arrow. The arrow barely misses Grinder.
You shoot an arrow.
The arrow hits Grinder but does no damage.
You shoot an arrow. The arrow hits Grinder.
Grinder hits you.
You shoot an arrow. The arrow hits Grinder.
Grinder hits you.
You writhe in agony.
Grinder hits you.
* * * LOW HITPOINT WARNING * * *
You aren't carrying any items that you can evoke.
Fire: a) +0 shortbow
Aim: Grinder (heavily wounded, slightly transparent, 62% to hit)
You shoot an arrow. The arrow barely misses Grinder.
Grinder hits you.
* * * LOW HITPOINT WARNING * * *
You writhe in agony.
* * * LOW HITPOINT WARNING * * *
Fire: a) +0 shortbow
Aim: Grinder (heavily wounded, slightly transparent, 62% to hit)
You shoot an arrow. The arrow hits Grinder!
Grinder gestures at you. Pain shoots through your body!
* * * LOW HITPOINT WARNING * * *
Unknown command.
Fire: a) +0 shortbow
Aim: Grinder (severely wounded, slightly transparent, 62% to hit)
You shoot an arrow. The arrow hits Grinder.
Grinder barely misses you. Grinder gestures at you.
You struggle to resist.
Fire: a) +0 shortbow
Aim: Grinder (almost dead, slightly transparent, 62% to hit)
You shoot an arrow. The arrow closely misses Grinder.
Grinder closely misses you.
Fire: a) +0 shortbow
Aim: Grinder (almost dead, slightly transparent, 62% to hit)
You shoot an arrow. The arrow hits Grinder.
Grinder hits you.
* * * LOW HITPOINT WARNING * * *
You writhe in agony.
You die...

+.........+
.......!. .......
..... ...
###'######
#........#
#.#.####.#
##########.#@## #
............5.###.#
#######.###........
#.# #....##.#
#.###..####.#
#.........>.#
######.###### #.#
#.#


You could see Grinder (invisible).

Vanquished Creatures
  Sigmund (D:2)
  A worm (D:2)
  A dart slug (D:1)
  6 bats
  12 endoplasms
  4 giant cockroaches
  2 goblins
  5 hobgoblins
  2 quokkas (D:1)
  8 ball pythons
  3 frilled lizards (D:2)
  A kobold (D:1)
  6 rats
52 creatures vanquished.

Notes
Turn   | Place    | Note
-------+----------+-------------------------------------------
     0 | D:1      | vurker the Formicid Hunter began the quest for the Orb.
     0 | D:1      | Reached XP level 1. HP: 16/16 MP: 1/1
    84 | D:1      | Reached XP level 2. HP: 23/23 MP: 2/2
   104 | D:1      | Found a faded altar of an unknown god.
   347 | D:1      | Reached XP level 3. HP: 28/28 MP: 3/3
   937 | D:2      | Noticed Sigmund
   949 | D:2      | Killed Sigmund
   950 | D:2      | Reached skill level 5 in Ranged Weapons
   950 | D:2      | Reached XP level 4. HP: 7/37 MP: 4/4
   950 | D:2      | Reached XP level 5. HP: 8/42 MP: 5/5
   950 | D:2      | Reached XP level 6. HP: 9/48 MP: 6/6
  1022 | D:2      | Reached skill level 6 in Ranged Weapons
  2026 | D:3      | Identified the +8 hammer of Action {vorpal, rCorr}
  2127 | D:3      | Noticed Grinder
  2151 | D:3      | HP: 2/48 [Grinder/nerve-wracking pain (14)]
  2154 | D:3      | Slain by Grinder

Illustrated notes

Levels and vault maps discovered:
D:1:      dpeg_arrival_concentric_ovals, layout_basic,
          chequers_ecumenical_altar_island, minmay_cut_off
D:2:      layout_basic, st_stairs_2, uniq_sigmund
D:3:      layout_loops_corners, nicolae_uskayaw_dance_hall, uniq_robin,
          uniq_crazy_yiuf_cottage, uniq_grinder, uniq_natasha

Skill      XL: |  1  2  3  4  5  6 |
---------------+-------------------+-----
Fighting       | 4 |  4.1
Ranged Weapons | 5 6 |  6.1
Dodging        | |  1.7
Stealth        | |  1.2

Action                   |  1- 3 |  4- 6 || total
-------------------------+-------+-------++-------
 Fire: Shortbow          |    88 |    62 ||   150
 Abil: Dig               |     2 |       ||     2
Armor: Leather armour    |     2 |       ||     2
       Ring mail         |    10 |     7 ||    17
Dodge: Dodged            |    29 |     7 ||    36

Table legend: (Time is in decaauts)
 A = Elapsed time spent in this place.
 B = Non-inter-level travel time spent in this place.
 C = Inter-level travel time spent in this place.
 D = Time resting spent in this place.
 E = Time spent auto-exploring this place.
 F = Levels seen in this place.
 G = Mean time per level.
                   A        B        C        D        E       F      G
               +--------+--------+--------+--------+--------+-----+--------+
         Total |   2205 |   2130 |     75 |      0 |   1762 |   3 |  735.0 |
       Dungeon |   2205 |   2130 |     75 |      0 |   1762 |   3 |  735.0 |
               +--------+--------+--------+--------+--------+-----+--------+

Top non-repeatable levels by time:
     D:2: 1337 daAuts
     D:1: 723 daAuts
     D:3: 144 daAuts
